 Seeded DCSS version 0.32-a0-960-g3814254bd7 (webtiles) character file.

Game seed: 202404174 (custom seed)

5100 Orlauf the Cleaver (level 10, -3/82 HPs)
             Began as a Demonspawn Gladiator on Apr 17, 2024.
             Was a Follower of Qazlal.
             Shot with a sling bullet by Joseph (8 damage)
             ... on level 9 of the Dungeon.
             The game lasted 00:12:42 (8306 turns).

Orlauf the Cleaver (Demonspawn Gladiator)           Turns: 8306, Time: 00:12:43

Health: -3/82      AC: 15    Str: 21    XL:     10   Next: 32%
Magic:  14/14      EV:  8    Int:  8    God:    Qazlal [*.....]
Gold:   436        SH:  1    Dex: 13    Spells: 9/9 levels left

rFire   + . .        a - +0 war axe
rCold   x . .        (no shield)
rNeg    + + .        F - +2 chain mail {rF+}
rPois   .            c - +1 helmet
rElec   .            (no cloak)
rCorr   .            (gloves unavailable)
SInv    .            m - +0 pair of boots
Will    ++...        k - amulet "Areogromm" {+Inv rN+ RegenMP+ Slay+3 Stlth-} Stlth
                     J - ring "Noipsi" {rC- rN+ Will++ Str+2 Dex-2}
HPRegen 0.33/turn    (no ring)
MPRegen 0.54/turn

%: no passive effects
@: no status effects
A: claws 3, slimy green scales 1, powered by death 1, demonic magic 1
a: Renounce Religion, Evoke Invisibility


You were on level 9 of the Dungeon.
You worshipped Qazlal.
Qazlal was aware of your devotion.
You visited 2 branches of the dungeon, and saw 10 of its levels.
You also visited: Sewer.

You collected 436 gold pieces.

Inventory:

Hand Weapons
 a - a +0 war axe (weapon)
 q - a +0 war axe
Missiles
 e - 3 javelins
 B - 18 poisoned darts
 H - 2 curare-tipped darts
Armour
 b - a +2 cloak of preservation
 c - a +1 helmet (worn)
 h - a +0 plate armour
 m - a +0 pair of boots (worn)
 F - a +2 chain mail of fire resistance (worn)
Jewellery
 k - the amulet "Areogromm" (around neck) {+Inv rN+ RegenMP+ Slay+3 Stlth-}
   (You acquired it on level 3 of the Dungeon)

   [amulet of magic regeneration]

   It increases your rate of magic regeneration.
   Slay+3:    It affects your accuracy & damage with ranged weapons and melee
   (+3).
   rN+:       It protects you from negative energy.
   +Inv:      It lets you turn invisible.
   Stlth-:    It makes you less stealthy.
   RegenMP+:  It increases your rate of magic regeneration.
 s - a ring of wizardry
 J - the ring "Noipsi" (left claw) {rC- rN+ Will++ Str+2 Dex-2}
   (You found it on level 7 of the Dungeon)

   [ring of positive energy]

   Str+2:     It affects your strength (+2).
   Dex-2:     It affects your dexterity (-2).
   rC-:       It makes you vulnerable to cold.
   rN+:       It protects you from negative energy.
   Will++:    It greatly increases your willpower.
 K - an amulet of regeneration
Wands
 p - a wand of charming (15) (quivered)
 C - a wand of iceblast (7)
 M - a wand of polymorph (4)
Scrolls
 n - 2 scrolls of amnesia
 r - 3 scrolls of teleportation
 w - a scroll of fear
 A - 4 scrolls of immolation
 D - a scroll of vulnerability
 I - a scroll of revelation
 L - 3 scrolls of enchant armour
Potions
 d - a potion of might {unknown}
 f - 3 potions of brilliance
 g - 4 potions of curing
 i - a potion of berserk rage {unknown}
 j - a potion of magic
 l - 2 potions of attraction
 t - a potion of haste
 u - 2 potions of mutation
 v - a potion of invisibility {unknown}
 x - 2 potions of cancellation
 z - 2 potions of resistance {unknown}
 E - a potion of enlightenment {unknown}
 G - a potion of lignification {unknown}


   Skills:
 + Level 8.8 Fighting
 * Level 11.3 Axes
 - Level 1.7 Throwing
 - Level 2.6 Dodging
 + Level 5.8 Invocations


You had 9 spell levels left.
You didn't know any spells.
Your spell library contained the following spells:

 Spells                   Type           Power      Damage    Failure   Level
 Freeze                   Ice            0%         1d3       98%         1
 Magic Dart               Conj           0%         1d3       98%         1
 Blink                    Tloc           0%         N/A       99%         2
 Call Imp                 Summ           0%         N/A       99%         2
 Cigotuvi's Dreadful Rot  Necr/Alch/Air  0%         N/A       99%         2
 Ensorcelled Hibernation  Hex/Ice        0%         N/A       99%         2
 Searing Ray              Conj           0%         2d4       99%         2
 Dazzling Flash           Conj/Hex       0%         N/A       100%        3
 Frozen Ramparts          Ice            0%         1d1       100%        3
 Fugue of the Fallen      Necr           0%         N/A       100%        3
 Hailstorm                Conj/Ice       0%         3d5       100%        3
 Anguish                  Hex/Necr       0%         N/A       100%        4
 Dispel Undead            Necr           0%         3d6       100%        4
 Fulminant Prism          Conj/Alch      0%         3d5       100%        4
 Martyr's Knell           Necr/Summ      0%         N/A       100%        4
 Starburst                Conj/Fire      0%         6d3       100%        6
 Fulsome Fusillade        Conj/Alch      0%         (3-5)d4   100%        8


Dungeon Overview and Level Annotations

Branches:
Dungeon (9/15)             Temple (1/1) D:7           Sewer (visited)
   Lair: D:8-11         Orc: D:9-12

Altars:
Ashenzari
Cheibriados
Dithmenos
Fedhas
Gozag
Kikubaaqudgha
Makhleb
Nemelex Xobeh
Okawaru
Qazlal
Ru
Sif Muna
Trog
Uskayaw
Wu Jian
Xom

Annotations:
D:7 1 runed translucent door, BobbyRooster's ghost, novice MiBe
D:9 Joseph


Innate Abilities, Weirdness & Mutations

You have claws for hands.
You are partially covered in slimy green scales. (AC +2)
You regenerate a little health from kills.
Spells you cast may paralyse adjacent enemies.


Message History

You are too injured to fight recklessly!
Unknown command.
You closely miss Joseph.
Joseph is moderately wounded.
You closely miss the troll. The troll bites you.
* * * LOW HITPOINT WARNING * * *
The troll closely misses you. The troll barely misses you.
Joseph hits you with a +0 quarterstaff.
* * * LOW HITPOINT WARNING * * *
You slash Joseph!
Joseph is heavily wounded.
You hit the troll. The troll bites you but does no damage.
The troll completely misses you. The troll claws you but does no damage.
Joseph hits you with a +0 quarterstaff.
* * * LOW HITPOINT WARNING * * *
Unknown command.
As you read the scroll of fear, it crumbles to dust.
You assume a fearsome visage.
Joseph looks frightened!
The troll looks frightened!
You feel better.
Aiming: Charm
Press: ? - help, Q - select action, (/) - cycle Shift-Dir - straight line, f - troll
Aim: a troll (fleeing, chance to affect: 49%)
Your attack snaps the troll out of its fear.
The troll is charmed.
The kobold shouts!
Joseph unwields a +0 quarterstaff.
Joseph wields a +0 sling.
Joseph shoots a sling bullet.
The sling bullet hits you!
* * * LOW HITPOINT WARNING * * *
What are your orders? t - Shout!
Orders for allies: a - Attack new target. p - Attack previous target. r - Retreat! s - Stop attacking. g - Guard the area. f - Follow me.
Anything else - Cancel.
Gang up on whom?
Press: ? - help, Dir - move target, f - Joseph, p - troll
Aim: Joseph, wielding a +0 sling and wearing a +0 leather armour (heavily wounded) Attack!
Joseph shoots a sling bullet.
The sling bullet hits you!
You die...

##. #.......$# #..
#........# #.#
#........# #.#
#........# #>#
#.)...>..#######.#####
#.........@K........TK
#........#######.####)
#....@...# #.# ##
#..<...T.# #.#
#...○....# #.#
######.### #.#
###....## #.#
#.......# #.#
+.......# #.#
#.......# ####'#####
#.......# #.........


You could see Joseph (ally target), a kobold and a friendly troll (charmed).

Vanquished Creatures
  A two-headed ogre (D:8)
  A cyclops (D:8)
  Maurice (D:9)
  Sigmund (D:6)
  A wyvern (D:8)
  Edmund (D:5)
  A water moccasin (D:5)
  An ice beast (D:6)
  4 sky beasts
  2 orc warriors
  An ogre (D:4)
  3 centaurs (D:8)
  3 phantoms
  2 brain worms (Sewer)
  3 kobold brigands
  2 bullfrogs
  A gnoll sergeant (D:8)
  6 scorpions
  3 wights (D:7)
  A howler monkey (D:4)
  A jelly (D:7)
  3 hounds
  3 orc priests
  A gnoll bouda (D:6)
  An iguana (D:8)
  8 orc wizards
  13 gnolls
  15 adders
  4 river rats
  2 shadow imps
  3 white imps
  6 ufetubi
  4 dart slugs
  2 ribbon worms
  37 orcs
  3 bats
  4 endoplasms
  4 giant cockroaches (D:1)
  4 goblins
  4 hobgoblins
  7 jackals
  15 kobolds
  10 quokkas
  12 ball pythons
  5 frilled lizards
  7 rats
217 creatures vanquished.

Notes
Turn   | Place    | Note
-------+----------+-------------------------------------------
     0 | D:1      | Orlauf the Demonspawn Gladiator began the quest for the
                  | Orb.
     0 | D:1      | Reached XP level 1. HP: 16/16 MP: 1/1
    98 | D:1      | Reached skill level 3 in Axes
   153 | D:1      | Gained mutation: You regenerate a little health from kills.
                  | [demonic ancestry]
   153 | D:1      | Reached XP level 2. HP: 20/22 MP: 2/2
   643 | D:1      | Gained mutation: Spells you cast may paralyse adjacent
                  | enemies. [demonic ancestry]
   643 | D:1      | Reached XP level 3. HP: 28/28 MP: 3/3
  1160 | D:2      | Found a shimmering altar of Xom.
  1238 | D:2      | Reached skill level 4 in Axes
  1238 | D:2      | Reached XP level 4. HP: 18/35 MP: 4/4
  2177 | D:3      | Reached XP level 5. HP: 41/41 MP: 5/5
  2905 | D:3      | Identified a scroll of acquirement
  2905 | D:3      | Acquired the amulet "Areogromm" {+Inv rN+ RegenMP+ Slay+3
                  | Stlth-}
  2997 | D:4      | Reached skill level 5 in Axes
  2997 | D:4      | Gained mutation: You have sharp fingernails. [demonic
                  | ancestry]
  2997 | D:4      | Reached XP level 6. HP: 46/48 MP: 6/6
  3219 | D:4      | Found a glowing drain.
  3226 | D:4      | Reached skill level 6 in Axes
  3229 | Sewer    | Entered a sewer
  3311 | Sewer    | Gained mutation: You have very sharp fingernails. [demonic
                  | ancestry]
  3311 | Sewer    | Reached XP level 7. HP: 55/55 MP: 7/7
  3513 | Sewer    | Reached skill level 5 in Fighting
  3638 | D:4      | Found an ancient bone altar of Kikubaaqudgha.
  3907 | D:4      | Found an ornate altar of the Wu Jian Council.
  4026 | D:4      | Found a broken altar of Ashenzari.
  4102 | D:4      | Reached skill level 7 in Axes
  4163 | D:5      | Entered Level 5 of the Dungeon
  4584 | D:5      | Reached XP level 8. HP: 56/64 MP: 8/8
  4851 | D:5      | Found a shadowy altar of Dithmenos.
  4937 | D:5      | Noticed Edmund
  4956 | D:5      | Killed Edmund
  4957 | D:5      | Reached skill level 8 in Axes
  5506 | D:6      | Noticed Sigmund
  5520 | D:6      | Killed Sigmund
  5573 | D:6      | Reached skill level 9 in Axes
  5736 | D:6      | Gained mutation: You are partially covered in slimy green
                  | scales. (AC +2) [demonic ancestry]
  5736 | D:6      | Reached XP level 9. HP: 51/72 MP: 9/9
  6083 | D:7      | Found a staircase to the Ecumenical Temple.
  6124 | D:7      | Identified the ring "Noipsi" {rC- rN+ Will++ Str+2 Dex-2}
  6142 | Temple   | Entered the Ecumenical Temple
  6194 | Temple   | Became a worshipper of Qazlal Stormbringer
  6328 | D:7      | Reached skill level 1 in Invocations
  6466 | D:7      | Found a runed translucent door.
  6466 | D:7      | Noticed BobbyRooster's ghost (novice MiBe)
  6496 | D:7      | Reached skill level 10 in Axes
  6819 | D:8      | Reached * piety under Qazlal
  6904 | D:8      | Noticed a two-headed ogre
  6924 | D:8      | Killed a two-headed ogre
  7042 | D:8      | Found a bloodstained altar of Trog.
  7196 | D:8      | Gained mutation: You have claws for hands. [demonic
                  | ancestry]
  7196 | D:8      | Reached XP level 10. HP: 59/82 MP: 13/13
  7372 | D:8      | Noticed a cyclops
  7386 | D:8      | Killed a cyclops
  7387 | D:8      | Reached skill level 11 in Axes
  7387 | D:8      | Reached skill level 5 in Invocations
  7990 | D:9      | Noticed Maurice
  7997 | D:9      | Maurice stole 10 javelins
  7999 | D:9      | Maurice stole an amulet of reflection
  8002 | D:9      | Maurice stole a +1 mace
  8003 | D:9      | Maurice stole 428 gold
  8008 | D:9      | Killed Maurice
  8016 | D:9      | Noticed Joseph
  8306 | D:9      | Shot with a sling bullet by Joseph

Illustrated notes

Levels and vault maps discovered:
D:1:      dpeg_arrival_oval, layout_loops_corners, serial_bayou,
          serial_bayou_pond_a, serial_bayou_pond_b, serial_bayou_ford_a,
          serial_bayou_pond_b
D:2:      layout_loops_ring, basic_altar, chequers_serial_rivers_room_a
D:3:      layout_basic
D:4:      layout_basic, nzn_wu_jian_contemplation, mainiacjoe_overflow_24_doors,
          lemuel_round_altar, lemuel_coloured_pillars_altar,
          gup_sewer_entry_spiral
D:5:      layout_loops_corners, kennysheep_mini_moat, uniq_edmund
D:6:      layout_basic, general_overflow_altar, serial_rivers,
          chequers_serial_rivers_large_b, chequers_serial_rivers_room_b,
          chequers_serial_rivers_room_b, chequers_serial_rivers_micro_c,
          chequers_serial_rivers_marsh, chequers_serial_rivers_small_b,
          uniq_sigmund
D:7:      layout_rooms, minmay_temple_entry_slanted,
          ebering_ghost_reflecting_pool
D:8:      layout_loops_corners, trog_butcher_becter
D:9:      layout_roguey, lemuel_round_altar, mainiacjoe_overflow_divided_tiny,
          minmay_orc_entry_temple_small, uniq_joseph, uniq_maurice
Temple:   minmay_freezing_vapour_temple

Skill      XL: |  1  2  3  4  5  6  7  8  9 10 |
---------------+-------------------------------+-----
Axes           | 3 4 5 6 7 9 10 11 | 11.3
Fighting       | 3 4 5 7 8 |  8.8
Invocations    | 4 5 |  5.8
Throwing       | |  1.7
Dodging        | |  2.6

Action                     |  1- 3 |  4- 6 |  7- 9 | 10-12 || total
---------------------------+-------+-------+-------+-------++-------
  Melee: War axe           |   126 |   191 |   394 |    52 ||   763
  Throw: Throwing net      |       |       |     3 |       ||     3
         Javelin           |       |       |     1 |     2 ||     3
         Dart              |       |       |       |     1 ||     1
  Evoke: Wand              |       |       |       |     3 ||     3
    Use: Scroll            |     6 |     5 |     6 |     5 ||    22
         Potion            |       |       |     1 |     2 ||     3
   Stab: Held in net/web   |       |       |     5 |       ||     5
 Armour: Leather armour    |    80 |       |       |       ||    80
         Plate armour      |    48 |   229 |   182 |       ||   459
         Chain mail        |       |       |   226 |    92 ||   318
  Dodge: Dodged            |    67 |    42 |   132 |    46 ||   287
  Block: Other             |       |       |     1 |     5 ||     6

Table legend: (Time is in decaauts)
 A = Elapsed time spent in this place.
 B = Non-inter-level travel time spent in this place.
 C = Inter-level travel time spent in this place.
 D = Time resting spent in this place.
 E = Time spent auto-exploring this place.
 F = Levels seen in this place.
 G = Mean time per level.
                   A        B        C        D        E       F      G
               +--------+--------+--------+--------+--------+-----+--------+
         Total |   8575 |   8319 |    256 |    223 |   6158 |  11 |  779.5 |
       Dungeon |   8163 |   7912 |    251 |    223 |   5855 |   9 |  907.0 |
        Temple |     57 |     52 |      5 |      0 |     47 |   1 |   57.0 |
         Sewer |    354 |    354 |      0 |      0 |    256 |   1 |  354.0 |
               +--------+--------+--------+--------+--------+-----+--------+

Top non-repeatable levels by time:
     D:8: 1573 daAuts
     D:5: 1132 daAuts
     D:3: 1115 daAuts
     D:1: 980 daAuts
     D:2: 976 daAuts
     D:4: 930 daAuts
     D:6: 760 daAuts
     D:7: 580 daAuts
   Sewer: 354 daAuts
     D:9: 114 daAuts
  Temple: 57 daAuts
